 Dungeon Crawl Stone Soup version 0.29-a0-330-g52719c12eb (webtiles) character file.

Game seed: 7520246337223036666

44 kae the Firebug (level 3, 0/22 HPs)
             Began as an Octopode Fire Elementalist on Apr 16, 2022.
             Slain by an orc
             ... wielding a +0 short sword
              (2 damage)
             ... on level 2 of the Dungeon.
             The game lasted 00:00:51 (2276 turns).

kae the Firebug (Octopode Fire Elementalist)        Turns: 2276, Time: 00:00:52

Health: 0/22       AC:  1    Str:  7    XL:     3   Next: 62%
Magic:  2/6        EV: 13    Int: 19    God:
Gold:   10         SH:  0    Dex: 12    Spells: 5/6 levels left

rFire   . . .      SeeInvis .   b - +0 dagger
rCold   . . .      Faith    .   (no shield)
rNeg    . . .      Spirit   .   (helmet restricted)
rPois   .          Reflect  .   (no amulet)
rElec   .          Harm     .   (no ring)
rCorr   .          Rampage  .   (no ring)
Will    .....                   (no ring)
Stlth   +++.......              (no ring)
HPRegen 0.07/turn               (no ring)
MPRegen 0.10/turn               (no ring)
                                (no ring)
                                (no ring)

@: mighty
A: almost no armour, amphibious, 8 rings, camouflage 1, gelatinous body 1,
(nimble swimmer 1), tentacles
a: no special abilities


You were on level 2 of the Dungeon.
You visited 1 branch of the dungeon, and saw 2 of its levels.

You collected 10 gold pieces.

Inventory:

Hand Weapons
 b - a +0 dagger (weapon)
Jewellery
 h - a ring of resist corrosion
 k - a ring of protection from cold
Scrolls
 c - a scroll of vulnerability {unknown}
 d - a scroll of noise {unknown}
 e - 2 scrolls of identify {unknown}
 g - a scroll of fear {unknown}
 l - a scroll of magic mapping {unknown}
Potions
 a - a potion of magic
 i - a potion of cancellation {unknown}
 j - a potion of brilliance {unknown}


   Skills:
 + Level 0.7 Fighting
 + Level 2.3 Dodging
 + Level 3.2 Stealth
 + Level 2.2 Spellcasting
 + Level 1.4 Conjurations
 * Level 3.5 Fire Magic


You had 5 spell levels left.
You knew the following spells:

 Your Spells              Type           Power      Damage    Failure   Level
a - Foxfire               Conj/Fire      44%        2x1d6     6%          1

Your spell library contained the following spells:

 Spells                   Type           Power      Damage    Failure   Level
 Scorch                   Fire           30%        2d7       6%          2
 Conjure Flame            Conj/Fire      11%        6-21      19%         3
 Inner Flame              Hex/Fire       8%         N/A       24%         3
 Flame Wave               Conj/Fire      11%        2d5       52%         4


Dungeon Overview and Level Annotations

Branches:
Dungeon (2/15)

Altars:


Innate Abilities, Weirdness & Mutations

You cannot wear most types of armour.
You are amphibious.
You can wear up to eight rings at the same time.
Your skin changes colour to match your surroundings (Stealth+).
Your rubbery body absorbs attacks. (AC +1, EV +1)
((You are camouflaged when in or above water. (Stealth+)))
You have tentacles for arms and can constrict up to eight enemies at once.


Message History

You miscast Foxfire.
You are very lightly contaminated with residual magic.
Nothing appears to happen.
An orc wizard is nearby!
Casting: Foxfire (safe; 6% risk of failure)
Confirm with . or Enter, or press ? or * to list all spells.
You conjure some foxfire!
The orc wizard barely misses you.
An orc comes into view. It is wielding a +0 short sword.
The foxfire hits the orc wizard.
The orc wizard is severely wounded.
The foxfire hits the orc wizard.
The orc wizard is severely wounded.
The orc wizard points at you and mumbles some strange words.
You are confused.
You're too confused to cast spells.
You're too confused to cast spells.
You're too confused to cast spells.
You bump into the rock wall.
The orc wizard hits you with a +0 dagger.
You bump into the rock wall.
The orc wizard closely misses you.
You closely miss the orc wizard. Your squeeze misses the orc wizard.
The orc wizard is severely wounded.
The orc wizard gestures at you while chanting.
The puff of flame hits you.
You bump into the rock wall.
The orc wizard hits you with a +0 dagger.
The orc hits you with a +0 short sword.
Your magical contamination has completely faded away.
The orc wizard attacks as you move away!
The orc wizard closely misses you.
It was a potion of might.
You feel very mighty all of a sudden.
You feel less confused.
The orc wizard hits you with a +0 dagger.
The orc hits you with a +0 short sword.
* * * LOW HITPOINT WARNING * * *
You closely miss the orc wizard. You grab the orc wizard.
You squeeze the orc wizard.
You kill the orc wizard!
The orc hits you with a +0 short sword.
You die...

...>.... .........
.##.#.#.##.......
.....†..........
.##............#
.##.#.####.#...# .##.#.#
#.#...# .##.#.####.#...#
........)......###
...............)@##
....####.#####.#)o#
........................>
..#.####.#####.##..###...
#+#.# #+# #.###)# ..# #..
.# ).# #.. .# #.. .# .#


You could see an orc.

Vanquished Creatures
  An orc wizard (D:2)
  An adder (D:2)
  A dart slug (D:1)
  An orc (D:2)
  4 bats (D:1)
  An endoplasm (D:1)
  2 giant cockroaches (D:1)
  4 goblins (D:1)
  2 hobgoblins (D:1)
  5 kobolds
  A quokka (D:1)
  3 ball pythons
  A frilled lizard (D:2)
  2 rats (D:1)
29 creatures vanquished.

Vanquished Creatures (others)
  108 foxfires
108 creatures vanquished.

Grand Total: 137 creatures vanquished

Notes
Turn   | Place    | Note
-------+----------+-------------------------------------------
     0 | D:1      | kae the Octopode Fire Elementalist began the quest for the
                  | Orb.
     0 | D:1      | Reached XP level 1. HP: 11/11 MP: 3/3
   786 | D:1      | Reached XP level 2. HP: 17/17 MP: 1/5
  1364 | D:1      | Found a faded altar of an unknown god.
  1487 | D:1      | Reached XP level 3. HP: 22/22 MP: 3/6
  2276 | D:2      | Slain by an orc

Illustrated notes

Levels and vault maps discovered:
D:1:      dpeg_arrival_round_a, layout_loops_corners, basic_ecumenical_altar,
          kennysheep_boxes
D:2:      layout_basic, serial_curves, eino_curves_04, eino_curves_01,
          eino_curves_01

Skill      XL: |  1  2 |
---------------+-------+-----
Stealth        | 3 |  3.2
Fighting       | |  0.7
Dodging        | |  2.3
Spellcasting   | |  2.2
Conjurations   | |  1.4
Fire Magic     | |  3.5

Action                   || total
-------------------------++-------
Melee: Dagger            ||    14
       Constrict         ||     4
       Tentacles         ||     3
       Unarmed           ||     1
 Cast: Foxfire           ||    69
  Use: Potion            ||     1
Armor: Skin              ||     2
Dodge: Dodged            ||    15

Table legend: (Time is in decaauts)
 A = Elapsed time spent in this place.
 B = Non-inter-level travel time spent in this place.
 C = Inter-level travel time spent in this place.
 D = Time resting spent in this place.
 E = Time spent auto-exploring this place.
 F = Levels seen in this place.
 G = Mean time per level.
                   A        B        C        D        E       F      G
               +--------+--------+--------+--------+--------+-----+--------+
         Total |   2275 |   2257 |     18 |     26 |   1984 |   2 | 1137.5 |
       Dungeon |   2275 |   2257 |     18 |     26 |   1984 |   2 | 1137.5 |
               +--------+--------+--------+--------+--------+-----+--------+

Top non-repeatable levels by time:
     D:1: 1932 daAuts
     D:2: 342 daAuts
